General information
- name: BNet
- type: Ladder team game (AT/RT)
- host: Battle.net
- saver: DOGSANDHORSE.RU
map: Deadlock
- players: 8
- length: 29:13
- speed: Fast
- version: 1.24 W3XP
- replay type:

» download(244 KB)
Players
team 1 (loser)
GGR3 (
orange | 55 APM | 1607 actions | 29:11)
4 Warden
2 Fan of Knives
2 Blink
» actions
| Assign group hotkey | 15 | |
| Basic commands | 1 | |
| Build / train | 63 | |
| ESC pressed | 4 | |
| Enter build submenu | 46 | |
| Enter hero's abilities submenu | 4 | |
| Give item / drop item | 1 | |
| Remove unit from queue | 1 | |
| Right click | 843 | |
| Select / deselect | 313 | |
| Select group hotkey | 154 | |
| Use ability | 162 | |
1607 total
» units
| Wisp | 20 | |
| Glaive Thrower | 7 | |
| Archer | 17 | |
44 total
» upgrades
| Well Spring | 1 | |
| Vorpal Blades | 1 | |
| Improved Bows | 1 | |
| Marksmanship | 1 | |
| Strength of the Moon | 2 | |
| Moon Armor | 2 | |
8 total
» buildings
| Altar of Elders | 1 | |
| Moon Well | 29 | |
| Hunter's Hall | 1 | |
| Ancient Protector | 3 | |
| Tree of Ages | 1 | |
| Ancient of War | 3 | |
| Tree of Eternity | 1 | |
| Ancient of Wonders | 1 | |
| Tree of Life | 4 | |
44 total
» build order
00:06 Altar of Elders
00:16 Moon Well
01:15 Hunter's Hall
01:34 Moon Well
02:08 Moon Well
02:12 Moon Well
02:34 Moon Well
03:10 Ancient Protector
03:53 Ancient Protector
06:17 Tree of Ages
06:20 Moon Well
06:21 Moon Well
06:22 Moon Well
06:25 Moon Well
06:32 Moon Well
06:37 Ancient Protector
07:22 Moon Well
07:23 Moon Well
07:34 Moon Well
07:35 Moon Well
08:09 Ancient of War
08:23 Moon Well
08:25 Moon Well
08:30 Moon Well
08:32 Moon Well
09:22 Moon Well
09:49 Tree of Eternity
10:35 Moon Well
10:44 Ancient of Wonders
10:48 Ancient of War
11:00 Tree of Life
12:56 Tree of Life
15:55 Ancient of War
16:33 Moon Well
16:46 Moon Well
18:03 Moon Well
18:05 Moon Well
19:08 Moon Well
19:10 Moon Well
20:02 Moon Well
21:14 Moon Well
28:07 Tree of Life
28:46 Tree of Life
28:51 Moon Well
» items
| Boots of Speed | 1 | |
| Staff of Teleportation | 1 | |
| Orb of Venom | 1 | |
3 total
GGR999999999999 (
yellow | 61 APM | 1784 actions | 29:12)
4 Warden
2 Fan of Knives
2 Blink
» actions
| Assign group hotkey | 1 | |
| Basic commands | 3 | |
| Build / train | 51 | |
| Enter build submenu | 24 | |
| Enter hero's abilities submenu | 4 | |
| Remove unit from queue | 1 | |
| Right click | 1281 | |
| Select / deselect | 318 | |
| Use ability | 101 | |
1784 total
» units
| Wisp | 13 | |
| Glaive Thrower | 3 | |
| Archer | 14 | |
30 total
» upgrades
| Strength of the Moon | 3 | |
| Moon Armor | 1 | |
| Improved Bows | 1 | |
| Marksmanship | 1 | |
| Well Spring | 1 | |
7 total
» buildings
| Altar of Elders | 1 | |
| Moon Well | 10 | |
| Hunter's Hall | 1 | |
| Ancient Protector | 6 | |
| Ancient of War | 2 | |
| Tree of Ages | 1 | |
| Tree of Eternity | 1 | |
| Tree of Life | 1 | |
23 total
» build order
00:11 Altar of Elders
00:16 Moon Well
01:17 Hunter's Hall
01:59 Moon Well
02:02 Moon Well
02:27 Ancient Protector
02:36 Ancient Protector
03:01 Moon Well
03:27 Ancient Protector
03:51 Ancient Protector
04:05 Ancient of War
04:28 Ancient Protector
06:30 Moon Well
06:55 Ancient Protector
06:59 Moon Well
07:10 Moon Well
08:55 Moon Well
08:59 Tree of Ages
09:11 Moon Well
09:27 Ancient of War
11:29 Tree of Eternity
11:38 Moon Well
20:47 Tree of Life
» items
| Boots of Speed | 1 | |
| Orb of Venom | 1 | |
| Anti-magic Potion | 1 | |
| Moonstone | 1 | |
4 total
Josephine18 (
green | 53 APM | 1554 actions | 29:12)
5 Warden
2 Fan of Knives
3 Blink
» actions
| Assign group hotkey | 7 | |
| Basic commands | 1 | |
| Build / train | 49 | |
| Enter build submenu | 42 | |
| Enter hero's abilities submenu | 5 | |
| Remove unit from queue | 1 | |
| Right click | 506 | |
| Select / deselect | 212 | |
| Select group hotkey | 625 | |
| Use ability | 106 | |
1554 total
» units
» upgrades
| Well Spring | 1 | |
| Ultravision | 1 | |
| Vorpal Blades | 1 | |
| Strength of the Moon | 2 | |
| Moon Armor | 1 | |
| Improved Bows | 1 | |
| Marksmanship | 1 | |
8 total
» buildings
| Altar of Elders | 1 | |
| Moon Well | 31 | |
| Hunter's Hall | 1 | |
| Ancient Protector | 4 | |
| Tree of Ages | 1 | |
| Ancient of War | 1 | |
| Tree of Eternity | 1 | |
| Ancient of Wonders | 1 | |
| Tree of Life | 1 | |
42 total
» build order
00:08 Altar of Elders
00:11 Moon Well
01:02 Hunter's Hall
01:37 Moon Well
02:10 Ancient Protector
02:22 Ancient Protector
02:39 Ancient Protector
03:21 Moon Well
03:33 Ancient Protector
03:38 Moon Well
04:21 Moon Well
04:53 Moon Well
05:06 Moon Well
05:35 Moon Well
05:52 Moon Well
06:43 Moon Well
06:45 Tree of Ages
06:48 Moon Well
07:06 Moon Well
07:25 Moon Well
07:50 Moon Well
08:08 Moon Well
08:15 Ancient of War
09:06 Moon Well
09:09 Tree of Eternity
09:41 Moon Well
10:06 Moon Well
10:45 Moon Well
10:53 Moon Well
11:31 Moon Well
11:58 Moon Well
12:01 Moon Well
12:37 Ancient of Wonders
12:59 Moon Well
13:09 Moon Well
14:02 Moon Well
14:36 Moon Well
15:00 Moon Well
16:13 Moon Well
16:19 Moon Well
23:46 Tree of Life
26:42 Moon Well
» items
| Scroll of Town Portal | 3 | |
| Boots of Speed | 1 | |
| Staff of Teleportation | 1 | |
| Potion of Lesser Invulnerability | 1 | |
| Orb of Venom | 1 | |
7 total
Lisa18 (
pink | 61 APM | 1652 actions | 27:08)
3 Warden
2 Fan of Knives
1 Blink
» actions
| Assign group hotkey | 8 | |
| Basic commands | 6 | |
| Build / train | 44 | |
| Enter build submenu | 37 | |
| Enter hero's abilities submenu | 3 | |
| Remove unit from queue | 2 | |
| Right click | 687 | |
| Select / deselect | 202 | |
| Select group hotkey | 524 | |
| Use ability | 139 | |
1652 total
» units
» buildings
| Moon Well | 20 | |
| Altar of Elders | 1 | |
| Hunter's Hall | 1 | |
| Ancient Protector | 6 | |
| Ancient of War | 1 | |
| Tree of Ages | 1 | |
| Ancient of Wonders | 1 | |
| Tree of Life | 1 | |
| Tree of Eternity | 1 | |
33 total
» build order
00:07 Moon Well
00:10 Altar of Elders
00:13 Moon Well
01:09 Hunter's Hall
01:35 Moon Well
02:19 Ancient Protector
02:31 Ancient Protector
03:54 Ancient Protector
03:59 Ancient Protector
04:30 Ancient Protector
04:46 Moon Well
04:59 Moon Well
05:18 Moon Well
05:29 Ancient Protector
06:30 Moon Well
06:38 Moon Well
08:04 Moon Well
08:07 Moon Well
08:17 Ancient of War
09:13 Moon Well
09:14 Moon Well
09:50 Tree of Ages
11:22 Moon Well
11:23 Moon Well
11:26 Moon Well
11:28 Moon Well
11:31 Ancient of Wonders
12:03 Tree of Life
12:36 Moon Well
12:37 Moon Well
13:32 Moon Well
15:03 Tree of Eternity
15:30 Moon Well
» items
| Boots of Speed | 1 | |
| Staff of Teleportation | 1 | |
| Orb of Venom | 1 | |
| Anti-magic Potion | 1 | |
| Scroll of Town Portal | 1 | |
5 total
team 2 (winner)
DOGSANDHORSE.RU (
red | 96 APM | 2801 actions | 29:13)
6 Blademaster
2 Wind Walk
3 Critical Strike
1 Bladestorm
» actions
| Assign group hotkey | 8 | |
| Basic commands | 15 | |
| Build / train | 70 | |
| Enter build submenu | 46 | |
| Enter hero's abilities submenu | 6 | |
| Give item / drop item | 11 | |
| Remove unit from queue | 3 | |
| Right click | 1892 | |
| Select / deselect | 295 | |
| Select group hotkey | 347 | |
| Use ability | 106 | |
2801 total
» units
| Peon | 17 | |
| Troll Batrider | 12 | |
| Troll Witch Doctor | 2 | |
31 total
» upgrades
| Ranged Weapons | 2 | |
| Liquid Fire | 1 | |
| Reinforced Defenses | 1 | |
| Troll Regeneration | 1 | |
| Witch Doctor Training | 2 | |
7 total
» buildings
| Altar of Storms | 1 | |
| Orc Burrow | 4 | |
| Voodoo Lounge | 2 | |
| War Mill | 1 | |
| Watch Tower | 28 | |
| Stronghold | 1 | |
| Fortress | 1 | |
| Beastiary | 2 | |
| Great Hall | 2 | |
| Barracks | 1 | |
| Spirit Lodge | 1 | |
44 total
» build order
00:10 Altar of Storms
00:19 Orc Burrow
00:29 Voodoo Lounge
01:11 War Mill
02:22 Watch Tower
02:57 Watch Tower
03:33 Watch Tower
03:34 Stronghold
04:04 Orc Burrow
04:13 Watch Tower
04:16 Orc Burrow
04:39 Watch Tower
05:07 Watch Tower
05:22 Orc Burrow
05:34 Watch Tower
05:58 Fortress
06:01 Beastiary
06:25 Watch Tower
06:46 Beastiary
06:47 Watch Tower
06:49 Watch Tower
07:16 Watch Tower
07:53 Watch Tower
08:59 Watch Tower
09:26 Watch Tower
10:30 Watch Tower
11:32 Watch Tower
12:40 Great Hall
13:45 Watch Tower
13:46 Watch Tower
13:46 Watch Tower
13:47 Watch Tower
14:27 Watch Tower
15:22 Voodoo Lounge
15:23 Watch Tower
18:49 Great Hall
18:51 Watch Tower
18:52 Watch Tower
18:52 Watch Tower
19:47 Barracks
20:20 Watch Tower
20:21 Watch Tower
20:22 Watch Tower
20:40 Spirit Lodge
» items
| Healing Salve | 5 | |
| Lesser Clarity Potion | 8 | |
| Boots of Speed | 1 | |
| Staff of Teleportation | 1 | |
| Orb of Lightning | 1 | |
| Potion of Lesser Invulnerability | 1 | |
| Potion of Healing | 1 | |
18 total
GoToYurup (
blue | 94 APM | 2736 actions | 29:12)
4 Mountain King
2 Storm Bolt
2 Bash
3 Paladin
2 Holy Light
1 Divine Shield
» actions
| Assign group hotkey | 242 | |
| Basic commands | 26 | |
| Build / train | 109 | |
| Enter build submenu | 36 | |
| Enter hero's abilities submenu | 7 | |
| Give item / drop item | 3 | |
| Right click | 1328 | |
| Select / deselect | 457 | |
| Select group hotkey | 392 | |
| Use ability | 136 | |
2736 total
» units
» upgrades
| Masonry | 3 | |
| Gunpowder | 3 | |
| Plating | 3 | |
| Barrage | 1 | |
| Lumber Harvesting | 2 | |
12 total
» buildings
| Altar of Kings | 1 | |
| Farm | 13 | |
| Lumber Mill | 1 | |
| Scout Tower | 20 | |
| Arcane Tower | 2 | |
| Guard Tower | 16 | |
| Arcane Vault | 1 | |
| Keep | 2 | |
| Blacksmith | 1 | |
| Town Hall | 2 | |
| Castle | 2 | |
| Workshop | 4 | |
65 total
» build order
00:02 Altar of Kings
00:03 Farm
00:29 Lumber Mill
00:58 Scout Tower
00:58 Scout Tower
01:26 Scout Tower
01:28 Scout Tower
01:30 Arcane Tower
01:30 Arcane Tower
01:40 Guard Tower
01:40 Guard Tower
01:53 Guard Tower
02:13 Scout Tower
02:13 Scout Tower
02:45 Guard Tower
02:45 Guard Tower
03:31 Guard Tower
03:41 Scout Tower
03:41 Scout Tower
03:42 Scout Tower
03:43 Scout Tower
03:44 Scout Tower
03:45 Scout Tower
04:18 Guard Tower
04:19 Arcane Vault
04:48 Guard Tower
04:48 Guard Tower
04:48 Guard Tower
04:52 Farm
05:13 Guard Tower
05:14 Guard Tower
05:48 Farm
06:40 Keep
06:53 Blacksmith
08:29 Town Hall
08:35 Scout Tower
08:36 Scout Tower
08:37 Scout Tower
08:38 Scout Tower
09:22 Castle
09:23 Castle
09:28 Workshop
09:30 Workshop
10:36 Farm
10:37 Farm
10:38 Farm
10:39 Farm
10:40 Farm
10:40 Farm
10:40 Farm
11:20 Guard Tower
15:43 Farm
15:44 Farm
15:45 Farm
18:16 Workshop
18:17 Workshop
27:59 Scout Tower
27:59 Scout Tower
28:00 Scout Tower
28:03 Scout Tower
28:37 Guard Tower
28:41 Town Hall
» items
| Scroll of Regeneration | 2 | |
| Lesser Clarity Potion | 5 | |
| Potion of Healing | 1 | |
| Staff of Sanctuary | 2 | |
| Scroll of Town Portal | 1 | |
| Orb of Lightning | 2 | |
| Staff of Teleportation | 1 | |
| Periapt of Vitality | 1 | |
15 total
MyLiege_Cyrus (
purple | 88 APM | 2581 actions | 29:11)
4 Mountain King
2 Storm Bolt
2 Bash
3 Paladin
2 Holy Light
1 Divine Shield
» actions
| Assign group hotkey | 186 | |
| Basic commands | 47 | |
| Build / train | 107 | |
| Enter build submenu | 54 | |
| Enter hero's abilities submenu | 7 | |
| Give item / drop item | 1 | |
| Right click | 1211 | |
| Select / deselect | 399 | |
| Select group hotkey | 413 | |
| Use ability | 156 | |
2581 total
» units
» upgrades
| Masonry | 2 | |
| Lumber Harvesting | 1 | |
| Gunpowder | 3 | |
| Armor | 2 | |
| Fragmentation Shards | 1 | |
| Flare | 1 | |
| Magic Sentry | 1 | |
11 total
» buildings
| Lumber Mill | 1 | |
| Altar of Kings | 1 | |
| Farm | 7 | |
| Scout Tower | 41 | |
| Guard Tower | 22 | |
| Arcane Tower | 8 | |
| Keep | 1 | |
| Arcane Vault | 5 | |
| Town Hall | 3 | |
| Castle | 1 | |
| Blacksmith | 1 | |
| Workshop | 2 | |
| Arcane Sanctum | 1 | |
94 total
» build order
00:11 Lumber Mill
00:17 Altar of Kings
00:24 Farm
00:51 Scout Tower
00:53 Scout Tower
01:18 Guard Tower
01:18 Guard Tower
01:28 Guard Tower
01:31 Scout Tower
01:33 Scout Tower
01:57 Farm
02:01 Guard Tower
02:16 Scout Tower
02:28 Farm
02:35 Scout Tower
02:59 Arcane Tower
03:10 Keep
03:49 Arcane Vault
04:15 Scout Tower
04:18 Scout Tower
04:30 Scout Tower
04:31 Arcane Tower
04:40 Scout Tower
05:01 Guard Tower
06:25 Scout Tower
06:26 Scout Tower
06:42 Guard Tower
07:23 Arcane Tower
07:26 Guard Tower
07:27 Scout Tower
07:54 Farm
08:09 Town Hall
08:11 Scout Tower
08:12 Scout Tower
08:13 Scout Tower
08:24 Scout Tower
08:26 Arcane Vault
08:28 Scout Tower
08:30 Guard Tower
08:32 Scout Tower
08:40 Arcane Tower
08:48 Scout Tower
08:57 Arcane Tower
09:01 Scout Tower
09:05 Guard Tower
09:30 Guard Tower
09:30 Guard Tower
09:40 Farm
10:03 Guard Tower
10:19 Guard Tower
10:22 Guard Tower
10:36 Scout Tower
10:50 Arcane Tower
11:13 Castle
11:23 Guard Tower
11:30 Scout Tower
11:32 Blacksmith
12:04 Guard Tower
12:06 Scout Tower
12:07 Scout Tower
12:08 Scout Tower
12:09 Scout Tower
12:39 Town Hall
12:56 Scout Tower
12:57 Scout Tower
12:58 Scout Tower
12:58 Scout Tower
12:59 Scout Tower
13:00 Scout Tower
13:03 Arcane Vault
13:05 Scout Tower
13:06 Scout Tower
13:08 Scout Tower
13:08 Scout Tower
14:50 Arcane Tower
14:51 Guard Tower
14:51 Arcane Vault
14:59 Workshop
15:02 Workshop
15:29 Arcane Tower
15:29 Guard Tower
15:33 Arcane Sanctum
16:08 Scout Tower
16:09 Scout Tower
16:09 Scout Tower
16:10 Scout Tower
18:06 Guard Tower
18:11 Guard Tower
18:45 Arcane Vault
21:11 Farm
21:12 Farm
25:13 Town Hall
» items
| Scroll of Regeneration | 4 | |
| Lesser Clarity Potion | 5 | |
| Boots of Speed | 2 | |
| Circlet of Nobility | 1 | |
| Staff of Teleportation | 2 | |
| Orb of Fire | 1 | |
| Staff of Sanctuary | 2 | |
17 total
NutsOnYoChin.de (
teal | 87 APM | 2540 actions | 29:12)
7 Demon Hunter
3 Mana Burn
3 Evasion
1 Metamorphosis
» actions
| Assign group hotkey | 12 | |
| Basic commands | 42 | |
| Build / train | 67 | |
| ESC pressed | 1 | |
| Enter build submenu | 21 | |
| Enter hero's abilities submenu | 7 | |
| Give item / drop item | 2 | |
| Right click | 1462 | |
| Select / deselect | 240 | |
| Select group hotkey | 604 | |
| Use ability | 82 | |
2540 total
» units
» upgrades
| Ultravision | 1 | |
| Strength of the Wild | 3 | |
| Well Spring | 1 | |
| Reinforced Hides | 3 | |
| Corrosive Breath | 1 | |
9 total
» buildings
| Altar of Elders | 1 | |
| Moon Well | 13 | |
| Hunter's Hall | 1 | |
| Tree of Ages | 1 | |
| Ancient of Wonders | 1 | |
| Tree of Eternity | 1 | |
| Ancient of Wind | 1 | |
| Tree of Life | 1 | |
| Chimaera Roost | 2 | |
22 total
» build order
00:05 Altar of Elders
00:10 Moon Well
03:14 Moon Well
03:16 Moon Well
04:06 Hunter's Hall
04:50 Moon Well
04:50 Moon Well
05:41 Tree of Ages
06:17 Moon Well
06:17 Moon Well
06:18 Moon Well
06:20 Moon Well
06:20 Moon Well
07:04 Ancient of Wonders
08:05 Tree of Eternity
08:06 Ancient of Wind
08:29 Moon Well
08:30 Moon Well
09:19 Tree of Life
10:27 Chimaera Roost
10:28 Chimaera Roost
14:00 Moon Well
» items
| Boots of Speed | 3 | |
| Orb of Venom | 1 | |
| Potion of Healing | 3 | |
| Staff of Teleportation | 1 | |
| Scroll of Healing | 2 | |
10 total
Chat log
(04:25 / All) MyLiege_Cyrus: piza
(04:26 / All) Lisa18: FUCK YA
(04:31 / All) DOGSANDHORSE.RU: manner
(04:32 / All) DOGSANDHORSE.RU: please
(04:40 / All) GGR999999999999: pause
(04:41 / All) NutsOnYoChin.de: no
(04:42 / All) NutsOnYoChin.de: NO
(04:42 / All) GGR999999999999: hasmu ala 5 dollar
(04:43 / All) NutsOnYoChin.de: ALMOST
(04:43 / All) NutsOnYoChin.de: sTOP
(04:44 / All) GGR3: ...
(06:18 / Allies) DOGSANDHORSE.RU: WOIOOOOOOOOOOOOOOOOD
(10:22 / All) DOGSANDHORSE.RU: Good Play Green
(14:34 / All) GGR3: how did you see me? :I
(14:37 / All) NutsOnYoChin.de: SENTRY
(14:38 / All) DOGSANDHORSE.RU: : - )
(14:38 / All) MyLiege_Cyrus: you suck ass
(14:40 / All) MyLiege_Cyrus: fat
(14:42 / All) DOGSANDHORSE.RU: i smelled you
(14:43 / All) DOGSANDHORSE.RU: because
(14:43 / All) MyLiege_Cyrus: who could not see you
(14:43 / All) DOGSANDHORSE.RU: you
(14:44 / All) DOGSANDHORSE.RU: stink
(14:45 / All) MyLiege_Cyrus: fat fat
(14:47 / All) MyLiege_Cyrus: smellboy
(16:51 / All) DOGSANDHORSE.RU: pink
(16:53 / All) DOGSANDHORSE.RU: you fool
(16:57 / All) MyLiege_Cyrus: what were you planning
(17:19 / All) DOGSANDHORSE.RU: let me in
(17:22 / All) DOGSANDHORSE.RU: 111
(17:26 / All) DOGSANDHORSE.RU: thanks
(17:38 / All) DOGSANDHORSE.RU: revive? nope
(17:49 / All) DOGSANDHORSE.RU: leave
(17:50 / All) DOGSANDHORSE.RU: leave
(17:51 / All) DOGSANDHORSE.RU: leave ladies
(18:27 / All) DOGSANDHORSE.RU: nice
(18:28 / All) DOGSANDHORSE.RU: nice fok
(18:44 / All) NutsOnYoChin.de: yellow
(18:47 / All) NutsOnYoChin.de: prepare the archers
(19:12 / All) DOGSANDHORSE.RU: you are horrible
(19:18 / All) DOGSANDHORSE.RU: hang on
(19:19 / All) DOGSANDHORSE.RU: pizza
(19:20 / All) MyLiege_Cyrus: well
(19:21 / All) MyLiege_Cyrus: mainly stupid
(19:31 / All) MyLiege_Cyrus: it's not like this is lack of experience
(19:43 / All) MyLiege_Cyrus: anyone with half a brain would know this can never work
(19:46 / All) MyLiege_Cyrus: you're just dumb
(19:49 / All) Josephine18: its lack of maphack dude
(19:54 / All) DOGSANDHORSE.RU: lol
(19:55 / All) DOGSANDHORSE.RU: you think we hack
(19:56 / All) DOGSANDHORSE.RU: lol
(20:05 / All) Josephine18: i dont think so, i know it
(20:09 / All) DOGSANDHORSE.RU: really
(20:09 / All) GoToYurup: rofl
(20:15 / All) DOGSANDHORSE.RU: watch replay
(20:17 / All) DOGSANDHORSE.RU: find where we hack
(20:17 / All) DOGSANDHORSE.RU: lol
(20:18 / All) GoToYurup: it's embarrassing that's the only excuse you have for your terrible play
(21:03 / All) DOGSANDHORSE.RU: purged
(21:04 / All) DOGSANDHORSE.RU: retard
(21:14 / All) Josephine18: ;)
(21:19 / All) MyLiege_Cyrus: do you have some governemt assistance
(21:25 / All) MyLiege_Cyrus: to help you get across roads etc
(24:03 / All) DOGSANDHORSE.RU: chip chopparn
(24:31 / Allies) MyLiege_Cyrus: the chipchopper
(27:04 / All) DOGSANDHORSE.RU: lol
(27:05 / All) DOGSANDHORSE.RU: you so
(27:06 / All) DOGSANDHORSE.RU: so
(27:07 / All) DOGSANDHORSE.RU: bad
(27:11 / All) GGR3: funny how it took you so long to win this with so many units
(27:16 / All) GoToYurup: rofl
(27:17 / All) GGR999999999999: just like your mother
(27:17 / All) DOGSANDHORSE.RU: what like 25min
(27:18 / All) GGR3: maybe type less
(27:19 / All) DOGSANDHORSE.RU: lol
(27:24 / All) DOGSANDHORSE.RU: maybe lose less
(27:25 / All) DOGSANDHORSE.RU: shitnoob
(27:31 / All) NutsOnYoChin.de: YOU GUYS stink sorrey
(27:33 / All) GoToYurup: only 1 number that matters
(27:34 / All) GGR3: and try to scouts expos in the middle of your side
(27:35 / All) GoToYurup: the W or the L
(27:53 / All) MyLiege_Cyrus: i got another expo it's cool
(28:02 / All) MyLiege_Cyrus: the republic formerly known as your main
(28:25 / All) GoToYurup: run those wisps like it matters
(28:31 / All) GoToYurup: you know what you're doing now? worthless apm.